 Dungeon Crawl Stone Soup version 0.28.0 (webtiles) character file.

Game seed: 197718651164326429

0 hawla the Sneak (level 1, 0/19 HPs)
             Began as a Draconian Delver on Feb 12, 2022.
             Slain by a bullfrog (3 damage)
             ... on level 6 of the Dungeon.
             The game lasted 00:02:09 (287 turns).

hawla the Sneak (Draconian Delver)                   Turns: 287, Time: 00:02:10

Health: 0/19       AC:  4    Str: 14    XL:     1   Next: 0%
Magic:  1/1        EV: 12    Int: 10    God:
Gold:   17         SH:  0    Dex: 12    Spells: 0/0 levels left

rFire   . . .      SeeInvis .     - Unarmed
rCold   . . .      Faith    .   (no shield)
rNeg    . . .      Spirit   .   (armour unavailable)
rPois   .          Reflect  .   (helmet restricted)
rElec   .          Harm     .   (no cloak)
rCorr   .          Rampage  .   (no gloves)
Will    .....                   (no boots)
Stlth   +++.......              (no amulet)
HPRegen 0.06/turn               (no ring)
MPRegen 0.07/turn               (no ring)

@: hasted, very quick
A: AC +4, unfitting armour, cold-blooded
a: no special abilities


You were on level 6 of the Dungeon.
You visited 1 branch of the dungeon, and saw 2 of its levels.

You collected 17 gold pieces.

Inventory:

Missiles
 g - 6 boomerangs (quivered)
Wands
 e - a wand of digging (3)
Scrolls
 a - a scroll of fog
 b - a scroll of magic mapping


   Skills:
 + Level 3.2 Fighting
 + Level 1.7 Dodging
 + Level 4.5 Stealth
 - Level 2.0 Unarmed Combat


You couldn't memorise any spells.
You didn't know any spells.
Your spell library contained the following spells:

 Spells                   Type           Power      Damage    Failure   Level
 Call Canine Familiar     Summ           0%         N/A       75%         3
 Portal Projectile        Hex/Tloc       0%         N/A       75%         3
 Leda's Liquefaction      Hex/Erth       0%         N/A       98%         4


Dungeon Overview and Level Annotations

Branches:
Dungeon (6/15)
 Temple: D:4-7

Altars:


Innate Abilities, Weirdness & Mutations

Your plain brown scales are hard. (AC +4)
You cannot fit into any form of body armour.
You are cold-blooded and may be slowed by cold attacks.


Message History

Press: ? - help, Q - select action Shift-Dir - straight line, f - bullfrog
Aim: a bullfrog (wandering, hasn't noticed you, 50% to hit)
You throw a boomerang. The bullfrog gives a loud, deep croak!
The boomerang hits the bullfrog.
The bullfrog is lightly wounded.
Throw: 6 boomerangs
Press: ? - help, Q - select action Shift-Dir - straight line, f/p - bullfrog
Aim: a bullfrog (lightly wounded, 50% to hit)
You throw a boomerang.
The boomerang hits the bullfrog but does no damage.
The bullfrog is lightly wounded.
The bullfrog closely misses you.
You hit the bullfrog.
The bullfrog is moderately wounded.
The bullfrog hits you.
You barely miss the bullfrog.
The bullfrog is moderately wounded.
The bullfrog hits you.
You hit the bullfrog.
The bullfrog is heavily wounded.
The bullfrog hits you. The bullfrog hits you!
* * * LOW HITPOINT WARNING * * *
You feel yourself speed up. The bullfrog closely misses you.
The bullfrog barely misses you. The bullfrog barely misses you.
There is a stone staircase leading up here.
The bullfrog releases a deep croak.
The bullfrog barely misses you.
You see here 15 gold pieces.
A howler monkey zombie comes into view.
The bullfrog hits you.
* * * LOW HITPOINT WARNING * * *
As you read the scroll labelled SUH QOGASU, it crumbles to dust.
It is a scroll of identify.
You don't have any unidentified items.
The bullfrog hits you but does no damage.
There is a stone staircase leading up here.
The bullfrog hits you.
You die...

####### #.....#
#### #.#...# ...
#.#...#
##.###.#...#
#......#...#
#.#.######F#####
#....$....@....#
#....#########.#
#..#.# #..#.#
#..... ......
##.###.. Z.


You could see a bullfrog.

Vanquished Creatures (others)
  A plant (D:6)
1 creature vanquished.

Notes
Turn   | Place    | Note
-------+----------+-------------------------------------------
     0 | D:5      | hawla the Draconian Delver began the quest for the Orb.
     0 | D:5      | Reached XP level 1. HP: 19/19 MP: 1/1
    22 | D:5      | Noticed an orc priest
    25 | D:5      | Noticed an orc wizard
   255 | D:6      | Noticed a bullfrog
   287 | D:6      | Slain by a bullfrog

Illustrated notes

Levels and vault maps discovered:
D:5:      layout_gridville, lemuel_doored_altar, jmf_multi_god_temple,
          serial_shops, shop, uniq_pikel, uniq_prince_ribbit1
D:6:      corexii_shack_village, layout_basic, kennysheep_mini_moat

Action                   || total
-------------------------++-------
Melee: Unarmed           ||     3
Throw: Boomerang         ||     3
  Use: Scroll            ||     2
       Potion            ||     1
Armor: Skin              ||     1
Dodge: Dodged            ||     7
